SAAA
HIALEAH DODOS @ TORTOLITA DRUMMERS
08/21/2021
 
TOP OF THE 1ST
Hialeah Dodos batting - Pitching for Tortolita Drummers : RHP Armando Hernández
Pitching: RHP Armando Hernández
Batting: RHB Ludwig Kluge 0-0: Foul Ball, location: 2F
0-1: Swinging Strike
0-2: Ball
1-2: Ball
2-2: Ball
3-2: Foul Ball, location: 2F
3-2: Strikes out swinging, 2-3 out at first.
Batting: RHB Herman Cook 0-0: Ball
1-0: Foul Ball, location: 2F
1-1: Ball
2-1: Foul Ball, location: 2F
2-2: Foul Ball, location: 2F
2-2: Strikes out swinging
Batting: RHB David Nielsen 0-0: Ball
1-0: Ball
2-0: Foul Ball, location: 2F
2-1: Foul Ball, location: 2F
2-2: Ball
3-2: Ground out U3 (Groundball, 3L)
Top of the 1st over - 0 run(s), 0 hit(s), 0 error(s), 0 left on base; Hialeah 0 - Tortolita 0
BOTTOM OF THE 1ST
Tortolita Drummers batting - Pitching for Hialeah Dodos : RHP Joseph Reed
Pitching: RHP Joseph Reed
Batting: RHB Robert Bailey 0-0: Ball
1-0: Ball
2-0: Called Strike
2-1: Swinging Strike
2-2: Ball
3-2: Strikes out swinging
Batting: RHB Dan Lewis 0-0: Fly out, F9 (Flyball, 9M)
Batting: RHB Ray Whittier 0-0: Foul Ball, location: 2F
0-1: Swinging Strike
0-2: Foul Ball, location: 2F
0-2: Foul Ball, location: 2F
0-2: Fly out, F6 (Popup, 6M)
Bottom of the 1st over - 0 run(s), 0 hit(s), 0 error(s), 0 left on base; Hialeah 0 - Tortolita 0
TOP OF THE 2ND
Hialeah Dodos batting - Pitching for Tortolita Drummers : RHP Armando Hernández
Batting: RHB Joe Guy 0-0: Called Strike
0-1: Foul Ball, location: 2F
0-2: Ball
1-2: Ball
2-2: SINGLE (Line Drive, 6M)
Batting: LHB Jeff Conklin 0-0: Ball
1-0: Ball
2-0: Foul Ball, location: 2F
2-1: Foul Ball, location: 2F
2-2: Foul Ball, location: 2F
2-2: Ball
3-2: Strikes out swinging
Batting: RHB Ji-chol Yang 0-0: Ball
1-0: Fly out, F8 (Flyball, 8RXD)
Batting: SHB Esteban Márquez 0-0: Ball
1-0: Ball
2-0: Ball
3-0: Called Strike
3-1: Fly out, F8 (Flyball, 8RXD)
Top of the 2nd over - 0 run(s), 1 hit(s), 0 error(s), 1 left on base; Hialeah 0 - Tortolita 0
BOTTOM OF THE 2ND
Tortolita Drummers batting - Pitching for Hialeah Dodos : RHP Joseph Reed
Batting: LHB Keith Spear 0-0: Swinging Strike
0-1: Ball
1-1: Fly out, F8 (Flyball, 89M)
Batting: RHB Nick Reed 0-0: Ball
1-0: Called Strike
1-1: Ball
2-1: Fly out, F9 (Flyball, 89M)
Batting: RHB Jim Harris 0-0: Swinging Strike
0-1: Ball
Single, Error in OF, E9, batter to second base
Batting: RHB Richard Ollivier 0-0: Called Strike
0-1: SINGLE (Groundball, 56D)
Jim Harris to third
Runner from 3rd tries for Home, SAFE, no throw or cutoff
Batting: LHB Raúl Andrade 0-0: Ball
1-0: Swinging Strike
1-1: Swinging Strike
1-2: Strikes out swinging
Bottom of the 2nd over - 1 run(s), 2 hit(s), 1 error(s), 1 left on base; Hialeah 0 - Tortolita 1
TOP OF THE 3RD
Hialeah Dodos batting - Pitching for Tortolita Drummers : RHP Armando Hernández
Batting: RHB Pedro Longoria 0-0: Foul Ball, location: 2F
0-1: Swinging Strike
0-2: Ball
1-2: Strikes out swinging
Batting: RHB Carl Carlson 0-0: Called Strike
0-1: Ball
1-1: Ball
2-1: Ball
3-1: Fly out, F9 (Line Drive, 89M)
Batting: RHB Ludwig Kluge 0-0: Called Strike
0-1: Ball
1-1: Ball
2-1: Swinging Strike
2-2: Foul Ball, location: 2F
2-2: Strikes out swinging
Top of the 3rd over - 0 run(s), 0 hit(s), 0 error(s), 0 left on base; Hialeah 0 - Tortolita 1
BOTTOM OF THE 3RD
Tortolita Drummers batting - Pitching for Hialeah Dodos : RHP Joseph Reed
Batting: LHB Jesse Taylor 0-0: Fly out, F5 (Popup, 5SF)
Batting: RHB Robert Bailey 0-0: Ball
1-0: Called Strike
1-1: Ball
2-1: Ground out 1-3 (Groundball, 13)
Batting: RHB Dan Lewis 0-0: Called Strike
0-1: Ball
1-1: Foul Ball, location: 2F
1-2: Ball
2-2: Strikes out swinging
Bottom of the 3rd over - 0 run(s), 0 hit(s), 0 error(s), 0 left on base; Hialeah 0 - Tortolita 1
TOP OF THE 4TH
Hialeah Dodos batting - Pitching for Tortolita Drummers : RHP Armando Hernández
Batting: RHB Herman Cook 0-0: Fly out, F8 (Flyball, 8LM)
Batting: RHB David Nielsen 0-0: Ball
1-0: Ball
2-0: Called Strike
2-1: Foul Ball, location: 2F
2-2: Foul Ball, location: 2F
2-2: Ball
3-2: Base on Balls
Batting: RHB Joe Guy 0-0: Ball
1-0: Ball
2-0: Called Strike
2-1: Foul Ball, location: 2F
2-2: Strikes out swinging
Batting: LHB Jeff Conklin 0-0: Ball
1-0: Swinging Strike
1-1: Called Strike
1-2: Strikes out looking
Top of the 4th over - 0 run(s), 0 hit(s), 0 error(s), 1 left on base; Hialeah 0 - Tortolita 1
BOTTOM OF THE 4TH
Tortolita Drummers batting - Pitching for Hialeah Dodos : RHP Joseph Reed
Batting: RHB Ray Whittier 0-0: Ball
1-0: Ground out 5-3 (Groundball, 56S)
Batting: LHB Keith Spear 0-0: Called Strike
0-1: Fly out, F4 (Popup, 4D)
Batting: RHB Nick Reed 0-0: Called Strike
0-1: Foul Ball, location: 2F
0-2: Ball
1-2: Strikes out swinging
Bottom of the 4th over - 0 run(s), 0 hit(s), 0 error(s), 0 left on base; Hialeah 0 - Tortolita 1
TOP OF THE 5TH
Hialeah Dodos batting - Pitching for Tortolita Drummers : RHP Armando Hernández
Batting: RHB Ji-chol Yang 0-0: Ball
1-0: Foul Ball, location: 2F
1-1: Ball
2-1: Foul Ball, location: 2F
2-2: Foul Ball, location: 2F
2-2: Strikes out swinging
Batting: SHB Esteban Márquez 0-0: Foul Ball, location: 2F
0-1: Foul Ball, location: 2F
0-2: Fly out, F7 (Flyball, 7M)
Batting: RHB Pedro Longoria 0-0: Called Strike
0-1: Foul Ball, location: 2F
0-2: Ball
1-2: Ball
2-2: Ground out 5-3 (Groundball, 56S)
Top of the 5th over - 0 run(s), 0 hit(s), 0 error(s), 0 left on base; Hialeah 0 - Tortolita 1
BOTTOM OF THE 5TH
Tortolita Drummers batting - Pitching for Hialeah Dodos : RHP Joseph Reed
Batting: RHB Jim Harris 0-0: Ball
1-0: Called Strike
1-1: Ground out 5-3 (Groundball, 5L)
Batting: RHB Richard Ollivier 0-0: Called Strike
0-1: Called Strike
0-2: Ground out 5-3 (Groundball, 5S)
Batting: LHB Raúl Andrade 0-0: Foul Ball, location: 2F
0-1: Foul Ball, location: 2F
0-2: Hit by Pitch
Batting: LHB Jesse Taylor 0-0: Swinging Strike
0-1: Ball
1-1: Ball
2-1: Ball
3-1: Base on Balls
Raúl Andrade to second
Batting: RHB Robert Bailey 0-0: Called Strike
0-1: Ball
1-1: Swinging Strike
1-2: Ball
2-2: Foul Ball, location: 2F
2-2: Ball
3-2: Strikes out looking
Bottom of the 5th over - 0 run(s), 0 hit(s), 0 error(s), 2 left on base; Hialeah 0 - Tortolita 1
TOP OF THE 6TH
Hialeah Dodos batting - Pitching for Tortolita Drummers : RHP Armando Hernández
Batting: RHB Carl Carlson 0-0: Ball
1-0: Foul Ball, location: 2F
1-1: Ball
2-1: Ground out 4-3 (Groundball, 34)
Batting: RHB Ludwig Kluge 0-0: Ground out 5-3 (Groundball, 56)
Batting: RHB Herman Cook 0-0: Ball
1-0: Ball
2-0: Foul Ball, location: 2F
2-1: Swinging Strike
2-2: Ball
3-2: Strikes out looking
Top of the 6th over - 0 run(s), 0 hit(s), 0 error(s), 0 left on base; Hialeah 0 - Tortolita 1
BOTTOM OF THE 6TH
Tortolita Drummers batting - Pitching for Hialeah Dodos : RHP Joseph Reed
Batting: RHB Dan Lewis 0-0: Ball
1-0: Ball
2-0: Foul Ball, location: 2F
2-1: Foul Ball, location: 2F
2-2: Foul Ball, location: 2F
2-2: Ball
3-2: Base on Balls
Batting: RHB Ray Whittier 0-0: Ball
1-0: 2-RUN HOME RUN (Flyball, 78XD), Distance : 396 ft
Batting: LHB Keith Spear 0-0: Ball
1-0: Called Strike
1-1: Fly out, F7 (Flyball, 78S)
Batting: RHB Nick Reed 0-0: Ball
1-0: SINGLE (Groundball, 56D)
Batting: RHB Jim Harris 0-0: Ball
1-0: Foul Ball, location: 2F
1-1: Ball
2-1: SINGLE (Groundball, 34S) (infield hit)
Nick Reed to second
Batting: RHB Richard Ollivier 0-0: Called Strike
Nick Reed steals 3rd base
Jim Harris to second
0-1: Ball
1-1: Fly out, F9 (Popup, 4D)
Batting: LHB Raúl Andrade 0-0: Ball
1-0: Called Strike
1-1: Ball
2-1: Fly out, F8 (Flyball, 8LM)
Bottom of the 6th over - 2 run(s), 3 hit(s), 0 error(s), 2 left on base; Hialeah 0 - Tortolita 3
TOP OF THE 7TH
Hialeah Dodos batting - Pitching for Tortolita Drummers : RHP Armando Hernández
Batting: RHB David Nielsen 0-0: Ball
1-0: Ball
2-0: Ball
3-0: Foul Ball, location: 2F
3-1: Base on Balls
Batting: RHB Joe Guy 0-0: Ball
1-0: Ball
2-0: Called Strike
2-1: Grounds into double play, 6-4-3 (Groundball, 6)
Batting: LHB Jeff Conklin 0-0: Ball
1-0: Called Strike
1-1: Ball
2-1: SINGLE (Line Drive, 4MD)
Batting: RHB Ji-chol Yang 0-0: Ball
Jeff Conklin is caught stealing 2nd base
Top of the 7th over - 0 run(s), 1 hit(s), 0 error(s), 0 left on base; Hialeah 0 - Tortolita 3
BOTTOM OF THE 7TH
Tortolita Drummers batting - Pitching for Hialeah Dodos : RHP Joseph Reed
Batting: LHB Jesse Taylor 0-0: Called Strike
0-1: Ball
1-1: Ground out 5-3 (Groundball, 5S)
Batting: RHB Robert Bailey 0-0: Called Strike
0-1: Foul Ball, location: 2F
0-2: Strikes out looking
Batting: RHB Dan Lewis 0-0: Fly out, F7 (Flyball, 78S)
Bottom of the 7th over - 0 run(s), 0 hit(s), 0 error(s), 0 left on base; Hialeah 0 - Tortolita 3
TOP OF THE 8TH
Hialeah Dodos batting - Pitching for Tortolita Drummers : RHP Armando Hernández
Batting: RHB Ji-chol Yang 0-0: Ground out 5-3 (Groundball, 5L)
Batting: SHB Esteban Márquez 0-0: Ball
1-0: Swinging Strike
1-1: Called Strike
1-2: Strikes out swinging
Batting: RHB Pedro Longoria 0-0: Ball
1-0: Fly out, F5 (Popup, 15S)
Top of the 8th over - 0 run(s), 0 hit(s), 0 error(s), 0 left on base; Hialeah 0 - Tortolita 3
BOTTOM OF THE 8TH
Tortolita Drummers batting - Pitching for Hialeah Dodos : RHP Joseph Reed
Batting: RHB Ray Whittier 0-0: Ball
1-0: Fly out, F9 (Flyball, 89S)
Batting: LHB Keith Spear 0-0: SINGLE (Groundball, 6M)
Batting: RHB Nick Reed 0-0: Ball
1-0: Ball
2-0: Foul Ball, location: 2F
2-1: Fielders Choice at 2nd, 6-4 (Groundball, 56)
Batting: RHB Jim Harris 0-0: Ball
1-0: Ball
2-0: Called Strike
2-1: Called Strike
2-2: Strikes out swinging
Bottom of the 8th over - 0 run(s), 1 hit(s), 0 error(s), 1 left on base; Hialeah 0 - Tortolita 3
TOP OF THE 9TH
Hialeah Dodos batting - Pitching for Tortolita Drummers : RHP Armando Hernández
Batting: RHB Carl Carlson 0-0: Ball
1-0: Called Strike
1-1: Ball
2-1: Swinging Strike
2-2: Foul Ball, location: 2F
2-2: Foul Ball, location: 2F
2-2: Foul Ball, location: 2F
2-2: Ball
3-2: Foul Ball, location: 2F
3-2: Fly out, F2 (Popup, 23F)
Batting: RHB Ludwig Kluge 0-0: Called Strike
0-1: Ball
1-1: Ball
2-1: Ball
3-1: Foul Ball, location: 2F
3-2: SOLO HOME RUN (Flyball, 78XD), Distance : 390 ft
Pitching: LHP Parker Cooke
Batting: RHB Herman Cook 0-0: Ball
1-0: Swinging Strike
1-1: Fly out, F5 (Line Drive, 5)
Batting: RHB David Nielsen 0-0: Ball
1-0: Ground out 6-3 (Groundball, 6M)
Top of the 9th over - 1 run(s), 1 hit(s), 0 error(s), 0 left on base; Hialeah 1 - Tortolita 3
This league is powered by Out of the Park Baseball, the baseball management simulation game for PC, Mac and Linux
Friday, January 22nd, 2016 - OOTP Baseball 16.9 Build 39